 Dungeon Crawl Stone Soup version 0.22-a0-406-g9ff8d77 (webtiles) character file.

121 4thArraOfDagon the Magician (level 4, -6/30 HPs)
             Began as a Mummy Fire Elementalist on May 8, 2018.
             Killed by divine providence
             ... invoked by an orc priest
              (16 damage)
             ... on level 5 of the Dungeon.
             The game lasted 00:03:41 (946 turns).

4thArraOfDagon the Magician (MuFE)                   Turns: 946, Time: 00:03:42

Health: -6/30      AC:  2    Str: 11    XL:     4   Next: 76%
Magic:  9/9        EV: 12    Int: 12    God:
Gold:   59         SH:  0    Dex: 12    Spells: 2/10 levels left

rFire    x . .     SeeInvis .   h - +2 dagger (drain)
rCold    + . .     Gourm    .   (no shield)
rNeg     + + +     Faith    .   a - +0 robe
rPois    ∞         Spirit   .   (no helmet)
rElec    .         Reflect  .   (no cloak)
rCorr    .         Harm     .   (no gloves)
MR       .....                  (no boots)
Stlth    ++........             (no amulet)
HPRegen  0.10/turn              b - -3 ring of intelligence
MPRegen  0.11/turn              (no ring)

@: very slightly contaminated
A: no food or potions, fire vulnerability, cold resistance 1, negative energy
resistance 3, torment resistance, unbreathing
a: no special abilities


You were on level 5 of the Dungeon.
You were not hungry.

You visited 1 branch of the dungeon, and saw 5 of its levels.

You collected 59 gold pieces.

Inventory:

Hand Weapons
 e - a +0 short sword
 h - a +2 dagger of draining (weapon)
Armour
 a - a +0 robe (worn)
Jewellery
 b - a -3 ring of intelligence (left hand)


   Skills:
 - Level 1.5 Dodging
 - Level 1.5 Stealth
 + Level 3.6 Spellcasting
 * Level 2.3 Conjurations
 * Level 3.4 Fire Magic


You had 2 spell levels left.
You knew the following spells:

 Your Spells              Type           Power        Failure   Level  Hunger
a - Flame Tongue          Conj/Fire      #....        7%          1    N/A
b - Conjure Flame         Conj/Fire      #.......     21%         3    N/A
c - Sticky Flame          Conj/Fire      #.......     56%         4    N/A

Dungeon Overview and Level Annotations

Branches:
Dungeon (5/15)
 Temple: D:4-7

Altars:
Ru

Annotations:
D:3 TheNamelessOne's ghost, amateur OpFi
D:5 Edmund


Innate Abilities, Weirdness & Mutations

You do not eat or drink.
Your flesh is vulnerable to fire.
You are immune to poison.
Your flesh is cold resistant. (rC+)
You are immune to negative energy. (rN+++)
You are immune to unholy pain and torment.
You can survive without breathing.


Message History

Blink to where?
Press: ? - help, Dir - move target cursor You are very lightly contaminated with residual magic.
As you read the scroll of blinking, it crumbles to dust.
A hound comes into view.
You open the door.
Unknown command.
There is an open door here.
Unknown command.
Unknown command.
You close the door.
Edmund opens the door.
Found a stone staircase leading down.
An orc priest comes into view.
Unknown command.
The orc priest shouts!
You hear a shout! x2
The orc priest calls down the wrath of Beogh upon you.
Beogh smites you!
Ouch! That really hurt!
You die...

#......# #....###
#...# #...# #...##
##########....###
#.Z.Z.@.o'........
#.########.......#
#@# #...h.... #.#
#######.. #.o #
####


You could see an orc priest and a bullfrog skeleton.

Vanquished Creatures
  An orc priest (D:3)
  5 adders
  2 worms (D:3)
  A dart slug (D:3)
  6 orcs (D:3)
  7 goblins
  A hobgoblin (D:1)
  2 jackals (D:3)
  A ball python (D:3)
  3 bats
  3 frilled lizards
  2 kobolds (D:3)
  2 rats
36 creatures vanquished.

Notes
Turn   | Place    | Note
-------+----------+-------------------------------------------
     0 | D:1      | 4thArraOfDagon the Mummy Fire Elementalist began the quest for the Orb.
     0 | D:1      | Reached XP level 1. HP: 13/13 MP: 4/4
    66 | D:1      | Reached skill level 1 in Conjurations
   244 | D:2      | Reached XP level 2. HP: 15/19 MP: 0/5
   290 | D:2      | Found a sacrificial altar of Ru.
   307 | D:3      | Reached XP level 3. HP: 16/24 MP: 1/7
   324 | D:3      | Learned a level 3 spell: Conjure Flame
   532 | D:3      | Reached XP level 4. HP: 17/30 MP: 0/9
   586 | D:3      | Learned a level 4 spell: Sticky Flame
   642 | D:3      | Noticed TheNamelessOne's ghost (amateur OpFi)
   887 | D:5      | Entered Level 5 of the Dungeon
   909 | D:5      | Noticed Edmund
   927 | D:5      | Sergey: !hs * GrCK
   929 | D:5      | XtahuaRules: 4398. Sergey the Conqueror (L27 GrCK of The Shining One), escaped with the Orb and 15 runes on 2018-05-08 14:20:11, with 38673384 points after 37819 turns and 7:19:25.
   946 | D:5      | Killed from afar by an orc priest

Vault maps used:
D:1:      dpeg_arrival_shelter
D:2:      first_ration, nicolae_ru_great_annihilating_truth
D:4:      uniq_pikel
D:5:      nemelex_dance_club_becter, uniq_edmund

Skill      XL: |  1  2  3 |
---------------+----------+-----
Conjurations   | 1 2 |  2.3
Spellcasting   | 3 |  3.6
Fire Magic     | 3 |  3.4
Dodging        | |  1.5
Stealth        | |  1.5

Action                   |  1- 3 |  4- 6 || total
-------------------------+-------+-------++-------
Melee: Unarmed           |    12 |       ||    12
       Dagger            |    32 |    10 ||    42
       Short sword       |     1 |       ||     1
 Cast: Flame Tongue      |    33 |    12 ||    45
       Conjure Flame     |       |     2 ||     2
  Use: Scroll            |       |     7 ||     7
Armor: Robe              |    29 |     8 ||    37
Dodge: Dodged            |    58 |    22 ||    80

Table legend:
 A = Spawn XP
 B = Non-spawn XP
 C = Spawn XP percentage of total XP
 D = Spawn monster count
 E = Non-spawn monster count
 F = Spawn count percentage of total count
 G = Total turns spent on level
                    A         B        C        D         E        F      G
               +---------+---------+-------+---------+---------+-------+---------
         Total |       0 |     173 |   0.0 |       0 |      36 |   0.0 |   946
               +---------+---------+-------+---------+---------+-------+---------
           D:1 |       0 |       8 |   0.0 |       0 |       5 |   0.0 |   235
           D:2 |       0 |      21 |   0.0 |       0 |       5 |   0.0 |    60
           D:3 |       0 |     144 |   0.0 |       0 |      26 |   0.0 |   565
               +---------+---------+-------+---------+---------+-------+---------
